 Dungeon Crawl Stone Soup version 0.30-a0-170-g85af917532 (webtiles) character file.

Game seed: 3070340255165845231

1432 funkygono the Geomancer (level 8, -2/43 HPs)
             Began as a Gargoyle Earth Elementalist on Sept 30, 2022.
             Was a Follower of Vehumet.
             Slain by Duvessa
             ... wielding a +0 rapier
              (15 damage)
             ... on level 7 of the Dungeon.
             The game lasted 00:10:18 (6743 turns).

funkygono the Geomancer (GrEE)                      Turns: 6743, Time: 00:10:19

Health: -2/43      AC: 10    Str: 12    XL:     8   Next: 73%
Magic:  3/16       EV: 12    Int: 24    God:    Vehumet [*.....]
Gold:   413        SH:  0    Dex: 14    Spells: 5/18 levels left

rFire   + . .      SeeInvis .    p - +1 mace
rCold   x . .      Faith    .    (no shield)
rNeg    + . .      Spirit   .    a - +0 robe
rPois   ∞          Reflect  .    (no helmet)
rElec   +          Harm     .    z - +0 cloak
rCorr   .          Rampage  .    k - +1 pair of gloves
Will    .....                    (no boots)
Stlth   ++........               (no amulet)
HPRegen 0.14/turn                j - ring of fire
MPRegen 0.15/turn                f - ring of Uskayaw's Anger {Fly Will- Int+6 Dex+4}

@: flying, very slightly contaminated
A: sickness immunity, AC +5, negative energy resistance 1, electricity
resistance, torment resistance 1, petrification resistance
a: Renounce Religion


You were on level 7 of the Dungeon.
You worshipped Vehumet.
Vehumet was aware of your devotion.
You visited 1 branch of the dungeon, and saw 7 of its levels.

You collected 413 gold pieces.

Inventory:

Hand Weapons
 p - a +1 mace (weapon)
 x - a +0 hammer of holy wrath
 y - a +2 quarterstaff of chaos
Armour
 a - a +0 robe (worn)
 k - a +1 pair of gloves (worn)
 r - the +3 ring mail "Cokazaso" {+Inv rC- Dex+4}
   (You found it on level 5 of the Dungeon)

   Dex:       It affects your dexterity (+4).
   rC:        It makes you vulnerable to cold.
   +Inv:      It lets you turn invisible.
 z - a +0 cloak (worn)
Jewellery
 f - the ring of Uskayaw's Anger (right hand) {Fly Will- Int+6 Dex+4}
   (You acquired it on level 5 of the Dungeon)

   [ring of intelligence]

   Int:       It affects your intelligence (+6).
   Dex:       It affects your dexterity (+4).
   Fly:       It grants you flight.
   Will:      It decreases your willpower.
 j - a ring of fire (left hand)
Wands
 s - a wand of light (8)
Scrolls
 h - 7 scrolls of teleportation
 i - a scroll of identify
 v - a scroll of silence
Potions
 b - 2 potions of magic
 c - a potion of ambrosia
 d - 3 potions of might
 e - 3 potions of brilliance
 g - 4 potions of curing
 n - a potion of mutation {unknown}
 o - 5 potions of flight
 q - 2 potions of lignification {unknown}
 t - 2 potions of haste


   Skills:
 + Level 1.2 Fighting
 + Level 1.3 Maces & Flails
 + Level 2.1 Dodging
 - Level 2.1 Stealth
 + Level 5.9 Spellcasting
 * Level 3.6 Conjurations
 + Level 0.7 Transmutations
 * Level 3.4 Fire Magic
 + Level 8.2 Earth Magic


You had 5 spell levels left.
You knew the following spells:

 Your Spells              Type           Power      Damage    Failure   Level
a - Sandblast             Erth           92%        2d19      1%          1
b - Passwall              Tmut/Erth      23%        N/A       1%          2
c - Stone Arrow           Conj/Erth      70%        3d11      2%          3
d - Foxfire               Conj/Fire      100%       2x1d9     1%          1
e - Fireball              Conj/Fire      18%        3d9       45%         5
f - Magic Dart            Conj           96%        1d7       1%          1

Your spell library contained the following spells:

 Spells                   Type           Power      Damage    Failure   Level
 Beastly Appendage        Tmut           20%        N/A       6%          1
 Wereblood                Tmut           10%        N/A       9%          2
 Petrify                  Tmut/Erth      28%        N/A       13%         4
 Spider Form              Tmut/Pois      8%         N/A       21%         3
 Starburst                Conj/Fire      18%        6d7       96%         6


Dungeon Overview and Level Annotations

Branches:
Dungeon (7/15)             Temple (0/1) D:6

Altars:
Fedhas
Okawaru
Uskayaw
Vehumet

Annotations:
D:7 Duvessa


Innate Abilities, Weirdness & Mutations

You are immune to sickness and miasma.
Your stone body is resilient. (AC +5)
You are immune to poison.
You resist negative energy. (rN+)
You are resistant to electric shocks. (rElec)
You are resistant to unholy torment.
You are immune to petrification.


Message History

Aiming: Sandblast (safe; 1% risk of failure)
Press: ? - help, Shift-Dir - straight line, f/p - Duvessa
Aim: Duvessa, wielding a +0 rapier and wearing a +0 leather armour (moderately wounded, berserk, 87% to hit)
The blast of sand misses Duvessa.
Duvessa closely misses you. Duvessa hits you with a +0 rapier!!
Duvessa hits you with a +0 rapier!
Unknown command.
Casting: Sandblast (safe; 1% risk of failure)
Confirm with . or Enter, or press ? or * to list all spells.
Aiming: Sandblast (safe; 1% risk of failure)
Press: ? - help, Shift-Dir - straight line, f/p - Duvessa
Aim: Duvessa, wielding a +0 rapier and wearing a +0 leather armour (moderately wounded, berserk, 87% to hit)
The blast of sand misses Duvessa.
Duvessa barely misses you. Duvessa hits you with a +0 rapier.
* * * LOW HITPOINT WARNING * * *
Okay, then.
Casting: Sandblast (safe; 1% risk of failure)
Confirm with . or Enter, or press ? or * to list all spells.
Aiming: Stone Arrow (dangerous; 2% risk of failure)
Press: ? - help, Shift-Dir - straight line, f/p - Duvessa
Aim: Duvessa, wielding a +0 rapier and wearing a +0 leather armour (moderately wounded, berserk, 77% to hit)
The stone arrow hits Duvessa!
Duvessa is heavily wounded.
Duvessa hits you but does no damage.
Casting: Stone Arrow (dangerous; 2% risk of failure)
Confirm with . or Enter, or press ? or * to list all spells.
Aiming: Stone Arrow (dangerous; 2% risk of failure)
Press: ? - help, Shift-Dir - straight line, f/p - Duvessa
Aim: Duvessa, wielding a +0 rapier and wearing a +0 leather armour (heavily wounded, berserk, 77% to hit)
The stone arrow hits Duvessa!
Duvessa is severely wounded.
Duvessa misses you. Duvessa hits you but does no damage.
Casting: Stone Arrow (dangerous; 2% risk of failure)
Confirm with . or Enter, or press ? or * to list all spells.
Aiming: Stone Arrow (dangerous; 2% risk of failure)
Press: ? - help, Shift-Dir - straight line, f/p - Duvessa
Aim: Duvessa, wielding a +0 rapier and wearing a +0 leather armour (severely wounded, berserk, 77% to hit)
You miscast Stone Arrow.
You are very lightly contaminated with residual magic.
Nothing appears to happen.
Duvessa hits you with a +0 rapier!
You die...

#.# #.#
##.###############
.................#
##.#############.# ##.#
#.# ...# #.# #### #.#
.###.### #@# ........
........e......
.########...........)###
.#... ..#.######.......#
.#.###.##. .........
.......... #........
.......# #........
.......### #........
#........#


You could see Duvessa (berserk).

Vanquished Creatures
  A water moccasin (D:6)
  A sky beast (D:7)
  A centaur (D:5)
  An ogre (D:6)
  A phantom (D:4)
  Blork the orc (D:6)
  A kobold brigand (D:6)
  2 bullfrogs (D:7)
  2 scorpions
  Dowan (D:7)
  4 hounds
  A jelly (D:6)
  Crazy Yiuf (D:6)
  8 iguanas
  An orc wizard (D:3)
  3 adders
  A shadow imp (D:7)
  3 worms
  3 dart slugs
  13 orcs
  2 ball pythons
  3 bats
  8 endoplasms
  6 giant cockroaches
  8 hobgoblins
  4 jackals (D:1)
  3 quokkas
  5 frilled lizards
  8 goblins
  10 kobolds
  7 rats
114 creatures vanquished.

Vanquished Creatures (others)
  23 foxfires
  4 fungi (D:6)
27 creatures vanquished.

Grand Total: 141 creatures vanquished

Notes
Turn   | Place    | Note
-------+----------+-------------------------------------------
     0 | D:1      | funkygono the Gargoyle Earth Elementalist began the quest
                  | for the Orb.
     0 | D:1      | Reached XP level 1. HP: 10/10 MP: 3/3
   124 | D:1      | Reached skill level 4 in Earth Magic
   275 | D:1      | Reached XP level 2. HP: 11/15 MP: 0/5
   711 | D:1      | Found a faded altar of an unknown god.
   789 | D:1      | Reached XP level 3. HP: 19/19 MP: 4/6
   792 | D:1      | Learned a level 2 spell: Passwall
   796 | D:1      | Learned a level 3 spell: Stone Arrow
  1709 | D:2      | Reached skill level 5 in Earth Magic
  1857 | D:2      | Reached XP level 4. HP: 24/24 MP: 5/8
  1859 | D:2      | Learned a level 1 spell: Foxfire
  2317 | D:3      | HP: 1/24 [orc wizard/+2 dagger of venom (1)]
  2607 | D:3      | Found a hide-covered altar of Uskayaw.
  3086 | D:4      | Reached XP level 5. HP: 28/28 MP: 8/10
  3131 | D:4      | Reached skill level 1 in Fire Magic
  3163 | D:4      | Found a radiant altar of Vehumet.
  3167 | D:4      | Became a worshipper of Vehumet
  3257 | D:4      | Noticed a phantom
  3263 | D:4      | Killed a phantom
  3264 | D:4      | Reached skill level 1 in Conjurations
  3264 | D:4      | Reached XP level 6. HP: 32/32 MP: 7/11
  3373 | D:4      | Reached skill level 6 in Earth Magic
  4199 | D:4      | Learned a level 5 spell: Fireball
  4214 | D:5      | Entered Level 5 of the Dungeon
  4460 | D:5      | Found a blossoming altar of Fedhas.
  4622 | D:5      | Identified the +3 ring mail "Cokazaso" {+Inv rC- Dex+4}
  4680 | D:5      | Reached XP level 7. HP: 34/36 MP: 7/13
  5162 | D:5      | Identified a scroll of acquirement
  5162 | D:5      | Acquired the ring of Uskayaw's Anger {Fly Will- Int+6
                  | Dex+4}
  5434 | D:6      | Found an iron altar of Okawaru.
  5587 | D:6      | Reached skill level 1 in Maces & Flails
  5587 | D:6      | Reached skill level 7 in Earth Magic
  5637 | D:6      | Reached skill level 1 in Fighting
  5637 | D:6      | Reached XP level 8. HP: 43/43 MP: 9/15
  5647 | D:6      | Noticed Blork the orc
  5654 | D:6      | Killed Blork the orc
  5655 | D:6      | Reached skill level 5 in Spellcasting
  5804 | D:6      | Reached * piety under Vehumet
  5804 | D:6      | Offered knowledge of Magic Dart by Vehumet.
  5992 | D:6      | Found a staircase to the Ecumenical Temple.
  6339 | D:6      | Found a runed translucent door.
  6340 | D:6      | Noticed Crazy Yiuf
  6344 | D:6      | Killed Crazy Yiuf
  6469 | D:6      | Learned a level 1 spell: Magic Dart
  6595 | D:7      | Reached skill level 8 in Earth Magic
  6733 | D:7      | Noticed Duvessa
  6733 | D:7      | Noticed Dowan
  6734 | D:7      | Killed Dowan
  6743 | D:7      | Slain by Duvessa

Illustrated notes

Levels and vault maps discovered:
D:1:      kennysheep_arrival_seaside, layout_loops_corners,
          shapermc_ecumenical_altar_mp_vishouse
D:2:      layout_basic, minmay_split_cup_large
D:3:      layout_rooms, eat_drink_and_be_merry_uskayaw
D:4:      layout_basic, mainiacjoe_overflow_24_doors
D:5:      layout_basic, mainiacjoe_overflow_alcove_2
D:6:      layout_loops_ring, okawaru_metal_pillars_3,
          minmay_temple_entry_glassed_door, kennysheep_crisscross,
          uniq_blork_the_orc, uniq_crazy_yiuf_cottage
D:7:      layout_basic, lemuel_doored_altar, mainiacjoe_overflow_divided_tiny,
          uniq_duvessa

Skill      XL: |  1  2  3  4  5  6  7  8 |
---------------+-------------------------+-----
Earth Magic    | 4 5 6 7 8 |  8.2
Spellcasting   | 3 4 5 |  5.9
Fire Magic     | 1 2 3 |  3.4
Conjurations   | 1 2 3 |  3.6
Dodging        | 2 |  2.1
Maces & Flails | 1 |  1.3
Fighting       | 1 |  1.2
Stealth        | |  2.1
Transmutations | |  0.7

Action                   |  1- 3 |  4- 6 |  7- 9 || total
-------------------------+-------+-------+-------++-------
Melee: Club              |     8 |       |       ||     8
       Mace              |       |    40 |    18 ||    58
       Punch             |       |     1 |       ||     1
 Cast: Sandblast         |    49 |    64 |    64 ||   177
       Foxfire           |       |    13 |       ||    13
       Stone Arrow       |       |       |     2 ||     2
  Use: Scroll            |       |    11 |     7 ||    18
       Potion            |       |       |     1 ||     1
Armor: Robe              |     3 |    23 |    21 ||    47
Dodge: Dodged            |     8 |    54 |    40 ||   102

Table legend: (Time is in decaauts)
 A = Elapsed time spent in this place.
 B = Non-inter-level travel time spent in this place.
 C = Inter-level travel time spent in this place.
 D = Time resting spent in this place.
 E = Time spent auto-exploring this place.
 F = Levels seen in this place.
 G = Mean time per level.
                   A        B        C        D        E       F      G
               +--------+--------+--------+--------+--------+-----+--------+
         Total |   6852 |   6663 |    189 |    579 |   5253 |   7 |  978.9 |
       Dungeon |   6852 |   6663 |    189 |    579 |   5253 |   7 |  978.9 |
               +--------+--------+--------+--------+--------+-----+--------+

Top non-repeatable levels by time:
     D:1: 1439 daAuts
     D:6: 1322 daAuts
     D:4: 1194 daAuts
     D:5: 991 daAuts
     D:3: 860 daAuts
     D:2: 785 daAuts
     D:7: 260 daAuts
